 Dungeon Sprint DCSS version 0.18-a0-1078-gebb93d0 (webtiles) character file.

117 ahoge the Shield-Bearer (level 5, 0/36 HPs)
             Began as a Gargoyle Fighter on Jan 14, 2016.
             Was an Initiate of Okawaru.
             Slain by a troll (3 damage)
             ... in the Dungeon (Sprint IX: "|||||||||||||||||||||||||||||").
             The game lasted 00:05:22 (177 turns).

ahoge the Shield-Bearer (Gargoyle Fighter)           Turns: 177, Time: 00:05:22

Health: 0/36       AC: 13    Str: 19    XL:     5   Next: 1%
Magic:  5/5        EV: 11    Int: 19    God:    Okawaru [......]
Gold:   0          SH:  0    Dex: 12    Spells: 0 memorised, 4 levels left

rFire  . . .     SeeInvis .     q - +2 dire flail (crush)
rCold  . . .     Gourm    .     s - +2 ring mail
rNeg   + . .     Faith    .     (shield currently unavailable)
rPois  ∞         Spirit   .     r - +0 helmet
rElec  +         Dismiss  .     (no cloak)
rCorr  .         Reflect  .     (no gloves)
SustAt .         Harm     .     (no boots)
MR     .....     NoTele   +     (no amulet)
Stlth  +.........               u - +3 ring of intelligence
                                t - +3 ring of intelligence

@: not resistant to hostile enchantments, very unstealthy
A: thin skeletal structure 1, clever 2, negative energy resistance 1,
electricity resistance, unbreathing, petrification resistance, rot immunity, AC
+4
a: Renounce Religion


You were in the Dungeon.
You worshipped Okawaru.
Okawaru was noncommittal.
You were not hungry.

You visited 1 branch

Inventory:

Hand Weapons
 a - a +0 flail
 q - a +2 dire flail of crushing (weapon)
Armour
 b - a +0 scale mail
 c - a +0 shield
 r - a +0 helmet (worn)
 s - a +2 ring mail (worn)
Jewellery
 t - a +3 ring of intelligence (left hand)
 u - a +3 ring of intelligence (right hand)
Wands
 p - a wand of cold (7/15)
Scrolls
 k - 2 scrolls of blinking
 n - 3 scrolls of remove curse
 o - 2 scrolls of amnesia
Potions
 d - a potion of might
 e - 5 potions of curing
 g - a potion of invisibility
 h - a potion of haste
 i - 4 potions of magic
 j - a potion of berserk rage
 m - 2 potions of heal wounds
Comestibles
 f - a bread ration
 l - 7 chunks of flesh


   Skills:
 + Level 5.8 Fighting
 + Level 3.7 Maces & Flails
 + Level 5.9 Armour
 + Level 2.7 Dodging
 + Level 6.3 Shields


You had 4 spell levels left.
You didn't know any spells.

Dungeon Overview and Level Annotations

Branches:
Dungeon (1/1)

Altars:
Cheibriados
Dithmenos
Elyvilon
Fedhas
Gozag
Kikubaaqudgha
Makhleb
Nemelex Xobeh
Okawaru
Pakellas
Qazlal
Ru
Sif Muna
Trog
Vehumet
Xom
Yredelemnul
Zin
The Shining One
Beogh
Jiyva
Lugonu


Innate Abilities, Weirdness & Mutations

You are resistant to torment.
Your stone body is resilient (AC +4).
You are immune to poison.
You resist negative energy.
You are resistant to electric shocks.
You can survive without breathing.
You are immune to petrification.
You are immune to rotting.
You have a somewhat thin skeletal structure (Dex +2, Stealth).
Your mind is very acute. (Int +4)


Message History

Wield which item (- for none, * to show all)? (? for menu, Esc to quit)
Okay, then.
Take off which item? (? for menu, Esc to quit)
You start removing your armour.
You continue taking off your +0 shield. x4
You finish taking off your +0 shield.
Wield which item (- for none, * to show all)? (? for menu, Esc to quit)
q - a +2 dire flail of crushing (weapon)
Okay, then.
You open the door.
A hippogriff, a killer bee, a sky beast, an orc, a troll and a wight come into view.
The orc shouts!
The hippogriff screeches!
The troll shouts!
You barely miss the troll.
The killer bee buzzes angrily.
The troll bites you but does no damage. The troll claws you!
The troll claws you but does no damage. The troll bites you.
The troll claws you but does no damage. The troll claws you.
You closely miss the troll. The troll bites you!
* * * LOW HITPOINT WARNING * * *
The troll closely misses you. The troll claws you.
You die...

▓.▓
▓z▓
▓Y▓
▓o▓
▓y▓
▓H▓
▓T▓
▓@▓
▓.▓
▓.▓
▓[▓
▓.▓
▓)▓
▓|▓
▓.▓
▓.▓


You could see a hippogriff, a troll, a sky beast, a killer bee, a wight and an
orc.

Vanquished Creatures
  A sky beast (D)
  An adder (D)
  An adder zombie (D)
  A ball python (D)
  A bat (D)
  A giant cockroach (D)
  A goblin (D)
  2 hobgoblins (D)
  A giant newt (D)
10 creatures vanquished.

Notes
Turn   | Place    | Note
--------------------------------------------------------------
     0 | D        | ahoge the Gargoyle Fighter began the quest for the Orb.
     0 | D        | Reached XP level 1. HP: 14/14 MP: 1/1
    28 | D        | Reached skill level 4 in Fighting
    31 | D        | Reached XP level 2. HP: 12/20 MP: 2/2
    42 | D        | Noticed a sky beast
    65 | D        | Reached skill level 1 in Dodging
    93 | D        | Killed a sky beast
    93 | D        | Reached skill level 5 in Fighting
    93 | D        | Reached skill level 5 in Armour
    93 | D        | Reached skill level 6 in Shields
    93 | D        | Reached XP level 3. HP: 17/27 MP: 3/3
    93 | D        | Reached XP level 4. HP: 20/32 MP: 4/4
    93 | D        | Reached XP level 5. HP: 22/36 MP: 5/5
   100 | D        | Gained mutation: Your mind is acute. (Int +2) [mutagenic meat]
   101 | D        | Gained mutation: Your mind is very acute. (Int +4) [mutagenic meat]
   102 | D        | Gained mutation: You have a somewhat thin skeletal structure (Dex +2, Stealth). [mutagenic meat]
   108 | D        | Found a glowing silver altar of Zin.
   108 | D        | Found a glowing golden altar of the Shining One.
   108 | D        | Found an ancient bone altar of Kikubaaqudgha.
   108 | D        | Found a basalt altar of Yredelemnul.
   108 | D        | Found a shimmering altar of Xom.
   108 | D        | Found a radiant altar of Vehumet.
   109 | D        | Found an iron altar of Okawaru.
   110 | D        | Found a burning altar of Makhleb.
   111 | D        | Found a deep blue altar of Sif Muna.
   112 | D        | Found a bloodstained altar of Trog.
   113 | D        | Found a sparkling altar of Nemelex Xobeh.
   114 | D        | Found a white marble altar of Elyvilon.
   115 | D        | Found a roughly hewn altar of Beogh.
   116 | D        | Found a viscous altar of Jiyva.
   117 | D        | Became a worshipper of Warmaster Okawaru
   118 | D        | Found a corrupted altar of Lugonu.
   119 | D        | Found a blossoming altar of Fedhas.
   120 | D        | Found a snail-covered altar of Cheibriados.
   121 | D        | Found a shadowy altar of Dithmenos.
   122 | D        | Found a stormy altar of Qazlal.
   123 | D        | Found an opulent altar of Gozag.
   124 | D        | Found a sacrificial altar of Ru.
   125 | D        | Found an oddly glowing altar of Pakellas.
   175 | D        | Noticed a sky beast
   175 | D        | Noticed a hippogriff
   175 | D        | Noticed a troll
   177 | D        | Slain by a troll

Vault maps used:
D:        linesprint

Action                   |  1- 3 |  4- 6 || total
-------------------------+-------+-------++-------
Melee: Flail             |    78 |       ||    78
       Dire flail        |       |     2 ||     2
  Use: Potion            |     1 |       ||     1
  Eat: Chunk             |       |     3 ||     3
